 Dungeon Crawl Stone Soup version 0.30-a0-457-g4b7bca3bfa (webtiles) character file.

Game seed: 16115657645738386473

6414 pokeman the Thaumaturge (level 10, -3/56 HPs)
             Began as a Deep Elf Hedge Wizard on Dec 12, 2022.
             Was a Believer of Vehumet.
             Collided with a stone wall (14 damage)
             ... caused by a wretched star
             ... on level 1 of the Abyss.
             The game lasted 00:30:27 (12671 turns).

pokeman the Thaumaturge (Deep Elf Hedge Wizard)    Turns: 12671, Time: 00:30:29

Health: -3/56      AC:  8    Str:  7    XL:     10   Next: 66%
Magic:  29/29      EV: 27    Int: 26    God:    Vehumet [**....]
Gold:   294        SH:  0    Dex: 11    Spells: 13/36 levels left

rFire   + . .      SeeInvis .    K - +6 great mace of Outrage {flame, rElec rC+ Int+2 Dex-3}
rCold   + + +      Faith    .    (shield currently unavailable)
rNeg    . . .      Spirit   .    B - +2 robe {rC+}
rPois   +          Reflect  .    c - +0 hat
rElec   +          Harm     .    u - +2 cloak
rCorr   .          Rampage  .    z - +0 pair of gloves
Will    +....                    (no boots)
Stlth   +++.......               a - amulet of the acrobat
HPRegen 0.29/turn                G - ring of the Assorted Dreams {rElec rPois rF+ Stlth+}
MPRegen 0.21/turn                D - ring of protection from cold

@: acrobatic
A: no striking features
a: Renounce Religion


You were on level 1 of the Abyss.
You worshipped Vehumet.
Vehumet was pleased with you.
You visited 2 branches of the dungeon, and saw 13 of its levels.
You visited the Abyss 1 time.
You also visited: Sewer.

You collected 415 gold pieces.
You spent 121 gold pieces at shops.

Inventory:

Hand Weapons
 j - a +1 whip of electrocution
 v - a +3 quarterstaff of chaos
 K - the +6 great mace of Outrage (weapon) {flame, rElec rC+ Int+2 Dex-3}
   (You found it on level 10 of the Dungeon)

   It burns those it strikes, dealing additional fire damage.
   Int:       It affects your intelligence (+2).
   Dex:       It affects your dexterity (-3).
   rC:        It protects you from cold.
   rElec:     It insulates you from electricity.
Missiles
 M - 4 curare-tipped darts
Armour
 b - a +0 robe
 c - a +0 hat (worn)
 e - an orb of mayhem
 t - a +0 buckler
 u - a +2 cloak (worn)
 z - a +0 pair of gloves (worn)
 B - a +2 robe of cold resistance (worn)
 F - +0 steam dragon scales
 H - +0 acid dragon scales
Magical Staves
 r - a staff of earth
 x - a staff of death
Jewellery
 a - an amulet of the acrobat (around neck)
 y - a +4 ring of evasion
 D - a ring of protection from cold (right hand)
 G - the ring of the Assorted Dreams (left hand) {rElec rPois rF+ Stlth+}
   (You took it off a centaur on level 9 of the Dungeon)

   [ring of poison resistance]

   rF:        It protects you from fire.
   rElec:     It insulates you from electricity.
   rPois:     It protects you from poison.
   Stlth:     It makes you more stealthy.
Wands
 A - a wand of mindburst (6)
 I - a wand of roots (2)
Scrolls
 f - 4 scrolls of poison
 g - 5 scrolls of noise
 h - 2 scrolls of identify
 i - 4 scrolls of enchant armour
 k - 8 scrolls of teleportation
 n - 2 scrolls of amnesia
 C - a scroll of vulnerability
 E - 2 scrolls of blinking
 L - a scroll of enchant weapon
Potions
 d - a potion of magic
 l - 6 potions of lignification
 m - a potion of might
 o - 2 potions of haste
 p - 2 potions of flight
 q - 4 potions of heal wounds
 s - 2 potions of curing
 w - 2 potions of berserk rage
 J - a potion of cancellation


   Skills:
 - Level 4.0 Fighting
 + Level 3.3 Armour
 - Level 3.0 Dodging
 - Level 3.0 Stealth
 - Level 2.0 Shields
 * Level 13.9 Spellcasting
 + Level 8.0 Conjurations
 - Level 4.0 Summonings
 - Level 4.0 Necromancy
 - Level 1.1 Translocations
 + Level 3.6 Fire Magic
 - Level 1.0 Ice Magic
 - Level 1.3 Air Magic
 - Level 1.0 Earth Magic
 - Level 1.3 Poison Magic
 - Level 1.0 Evocations


You had 13 spell levels left.
You knew the following spells:

 Your Spells              Type           Power      Damage    Failure   Level
a - Magic Dart            Conj           100%       1d8       1%          1
b - Mephitic Cloud        Conj/Pois/Air  36%        N/A       2%          3
c - Call Imp              Summ           39%        N/A       1%          2
d - Blink                 Tloc           46%        N/A       3%          2
e - Freezing Cloud        Conj/Ice/Air   18%        6-21      21%         5
f - Stone Arrow           Conj/Erth      82%        3d12      1%          3
g - Swiftness             Air            24%        N/A       5%          3
h - Flame Wave            Conj/Fire      48%        2d12      2%          4

Your spell library contained the following spells:

 Spells                   Type           Power      Damage    Failure   Level
 Momentum Strike          Conj/Tloc      82%        3d10      1%          2
 Sandblast                Erth           46%        2d11      1%          1
 Cigotuvi's Dreadful Rot  Necr/Pois/Air  58%        N/A       1%          2
 Scorch                   Fire           74%        2d9       1%          2
 Beastly Appendage        Tmut           36%        N/A       3%          1
 Slow                     Hex            72%        N/A       3%          1
 Ensorcelled Hibernation  Hex/Ice        40%        N/A       3%          2
 Passwall                 Tmut/Erth      16%        N/A       3%          2
 Wereblood                Tmut           18%        N/A       4%          2
 Ignite Poison            Fire/Tmut/Pois 26%        N/A       4%          3
 Kindle Blastsparks       Fire/Tloc/Air  56%        2d14      4%          3
 Dispel Undead            Necr           39%        3d16      6%          4
 Spider Form              Tmut/Pois      21%        N/A       7%          3
 Anguish                  Hex/Necr       14%        N/A       13%         4
 Irradiate                Conj/Tmut      19%        3d18      16%         5
 Blade Hands              Tmut           9%         N/A       65%         5
 Death Channel            Necr           19%        N/A       65%         6
 Summon Cactus Giant      Summ           19%        N/A       65%         6
 Dragon Form              Tmut           9%         N/A       100%        7


Dungeon Overview and Level Annotations

Branches:
Dungeon (12/15)            Temple (1/1) D:6            Lair (0/5) D:9
  Sewer (visited)
    Orc: D:9-12

Altars:
Ashenzari
Cheibriados
Fedhas
Makhleb
Ru
Trog
Uskayaw
Vehumet
Wu Jian

Shops:
D:6 !

Annotations:
D:11 Sonja
D:12 Kirke


Message History

The curare-tipped dart closely misses you.
You hear a zap.
You hear a grinding noise.
You start waiting.
You hear a zap.
Some rock shatters into small pieces.
Casting: Mephitic Cloud (dangerous; 2% risk of failure)
Confirm with . or Enter, or press ? or * to list all spells.
Aiming: Mephitic Cloud (dangerous; 2% risk of failure)
Press: ? - help, Shift-Dir - straight line, f - Sonja
Aim: Sonja, wielding a +2 short sword of distortion, quivering curare-tipped darts and carrying a wand of digging (2) (chance to affect: 72%)
The ball explodes into a vile cloud!
The stinking cloud engulfs Sonja but does no damage.
Sonja is engulfed in noxious fumes.
Sonja appears confused.
Unknown command.
Unknown command.
Sonja is engulfed in noxious fumes.
Unknown command.
You sock Sonja! You burn Sonja.
Sonja is heavily wounded.
Sonja is engulfed in noxious fumes.
Sonja appears confused.
Sonja closely misses you.
Sonja hits you with a +2 short sword of distortion.
You are cast into the Abyss!
This branch contains the abyssal rune of Zot.
Found a gateway leading deeper into the Abyss.
Found a corrupted altar of Lugonu.
Found a gateway leading deeper into the Abyss.
A fire bat comes into view.
A wretched star comes into view.
A ynoxinul comes into view.
The wretched star glows turbulently.
The lance of force hits you!!
You are knocked back by the lance of force.
The wretched star glows turbulently.
The lance of force hits you!!
Ouch! That really hurt!
* * * LOW HITPOINT WARNING * * *
You are knocked back by the lance of force.
You slam into the stone wall!
You die...

.# #......# ..... .# #
##....#.. #.... #..
##.... . ##...#
.####...###.#
#.....####. #..#..#
....
.......#...#.#..##.#.##
...........#....# ... .
........# #....#..###..
#@###.*.....# #
#..##.#...##..
#....##.*.# .# ..#
#.### ##.....#.. ..
#...###..# #.##.. ..
... .#.# .## .. .. .#
.. .


You could see a wretched star.

Vanquished Creatures
  Pikel (D:7)
  Prince Ribbit (D:7)
  A shadow (D:10)
  A wraith (D:10)
  A hog (D:12)
  5 yaks
  2 wargs (D:9)
  3 steam dragons
  2 acid dragons
  2 sky beasts (D:7)
  5 orc warriors
  2 ice beasts
  4 ogres
  3 lemures (D:7)
  4 centaurs
  A kobold brigand (Sewer)
  Blork the orc (D:5)
  A necrophage (D:6)
  2 bullfrogs (D:9)
  A scorpion (D:5)
  8 wights
  4 killer bees (D:10)
  5 howler monkeys
  6 hounds
  6 orc priests
  A jelly (D:6)
  Crazy Yiuf (D:4)
  Jessica (D:2)
  5 iguanas
  9 orc wizards
  3 gnolls (D:4)
  7 adders
  2 river rats (Sewer)
  2 shadow imps
  2 white imps
  3 worms
  4 dart slugs
  34 orcs
  11 endoplasms
  8 giant cockroaches
  2 goblins
  7 hobgoblins
  2 jackals (Sewer)
  9 quokkas
  8 ball pythons
  7 bats (D:2)
  4 frilled lizards
  13 kobolds
  6 rats
223 creatures vanquished.

Vanquished Creatures (collateral kills)
  An orc (D:3)
1 creature vanquished.

Vanquished Creatures (others)
  8 fungi
8 creatures vanquished.

Grand Total: 232 creatures vanquished

Notes
Turn   | Place    | Note
-------+----------+-------------------------------------------
     0 | D:1      | pokeman the Deep Elf Hedge Wizard began the quest for the
                  | Orb.
     0 | D:1      | Reached XP level 1. HP: 10/10 MP: 7/7
   412 | D:1      | Reached XP level 2. HP: 15/15 MP: 5/9
  1038 | D:1      | Reached skill level 5 in Spellcasting
  1339 | D:2      | Reached XP level 3. HP: 15/20 MP: 3/11
  1343 | D:2      | Learned a level 3 spell: Mephitic Cloud
  1346 | D:2      | Learned a level 2 spell: Call Imp
  1349 | D:2      | Learned a level 2 spell: Blink
  1596 | D:2      | Reached skill level 1 in Armour
  1806 | D:2      | Reached skill level 1 in Fighting
  2152 | D:2      | Reached XP level 4. HP: 25/25 MP: 6/13
  2313 | D:2      | Noticed Jessica
  2324 | D:2      | Killed Jessica
  2810 | D:3      | Found a glowing drain.
  2828 | Sewer    | Entered a sewer
  2842 | Sewer    | Reached skill level 6 in Spellcasting
  2999 | Sewer    | Noticed a kobold brigand
  3000 | Sewer    | Reached XP level 5. HP: 29/29 MP: 9/15
  3006 | Sewer    | Reached skill level 1 in Poison Magic
  3127 | Sewer    | Found a white marble altar of Elyvilon.
  3344 | D:3      | Reached skill level 1 in Air Magic
  3666 | D:3      | Reached XP level 6. HP: 30/34 MP: 1/17
  3672 | D:3      | Learned a level 5 spell: Freezing Cloud
  4291 | D:4      | Learned a level 3 spell: Swiftness
  4308 | D:4      | Reached skill level 7 in Spellcasting
  4552 | D:4      | Reached skill level 1 in Ice Magic
  4636 | D:4      | Found a hide-covered altar of Uskayaw.
  4636 | D:4      | Found a broken altar of Ashenzari.
  4637 | D:4      | Found a bloodstained altar of Trog.
  4715 | D:4      | Found a sacrificial altar of Ru.
  4953 | D:4      | Found a blossoming altar of Fedhas.
  5069 | D:4      | Reached skill level 1 in Earth Magic
  5069 | D:4      | Reached XP level 7. HP: 38/38 MP: 13/20
  5451 | D:4      | Found a runed translucent door.
  5452 | D:4      | Noticed Crazy Yiuf
  5468 | D:4      | Killed Crazy Yiuf
  5469 | D:4      | Reached skill level 8 in Spellcasting
  5549 | D:5      | Entered Level 5 of the Dungeon
  5561 | D:5      | Noticed Blork the orc
  5578 | D:5      | Killed Blork the orc
  5654 | D:5      | Reached skill level 1 in Shields
  5691 | D:5      | Reached skill level 1 in Necromancy
  5817 | D:5      | Found an ornate altar of the Wu Jian Council.
  6376 | D:5      | Reached XP level 8. HP: 44/44 MP: 18/22
  6478 | D:6      | Found Fetet's Distillery.
  6481 | D:6      | Bought 2 potions of heal wounds for 110 gold pieces
  6481 | D:6      | Bought a potion of degeneration for 11 gold pieces
  6570 | D:6      | Reached skill level 9 in Spellcasting
  6987 | D:6      | Found a staircase to the Ecumenical Temple.
  7001 | Temple   | Entered the Ecumenical Temple
  7037 | Temple   | Became a worshipper of Vehumet
  7108 | D:6      | Reached skill level 1 in Evocations
  7608 | D:6      | Reached skill level 5 in Conjurations
  7876 | D:6      | HP: 2/41 [wight/+0 halberd (13)]
  7879 | D:6      | Reached skill level 10 in Spellcasting
  8556 | D:7      | Learned a level 3 spell: Stone Arrow
  8724 | D:7      | Reached XP level 9. HP: 48/48 MP: 18/25
  8745 | D:7      | Noticed Pikel
  8778 | D:7      | Killed Pikel
  8779 | D:7      | Reached skill level 11 in Spellcasting
  8923 | D:7      | Reached * piety under Vehumet
  8923 | D:7      | Offered knowledge of Kiss of Death by Vehumet.
  8925 | D:7      | Noticed Prince Ribbit
  8944 | D:7      | Killed Prince Ribbit
  9735 | D:8      | Reached skill level 12 in Spellcasting
  9904 | D:8      | Learned a level 4 spell: Flame Wave
  9968 | D:8      | Found a snail-covered altar of Cheibriados.
 10361 | D:9      | Found a staircase to the Lair.
 10369 | D:9      | Reached XP level 10. HP: 43/56 MP: 11/28
 10401 | D:9      | Reached skill level 1 in Fire Magic
 10854 | D:9      | Identified the ring of the Assorted Dreams {rElec rPois rF+
                  | Stlth+}
 10872 | D:9      | Reached skill level 13 in Spellcasting
 10934 | D:9      | Reached ** piety under Vehumet
 11667 | D:9      | Offered knowledge of Momentum Strike by Vehumet.
 11754 | D:10     | Entered Level 10 of the Dungeon
 11985 | D:10     | Identified the +6 great mace of Outrage {flame, rElec rC+
                  | Int+2 Dex-3}
 12437 | D:10     | You fall into a shaft and drop 2 floors!
 12451 | D:12     | Noticed a two-headed ogre
 12456 | D:12     | Noticed a red ugly thing
 12456 | D:12     | Noticed Kirke
 12458 | D:12     | Noticed a manticore
 12564 | D:11     | Noticed Sonja
 12576 | Abyss:1  | Cast into level 1 of the Abyss (Sonja)
 12579 | Abyss:1  | Found a corrupted altar of Lugonu.
 12655 | Abyss:1  | Noticed a wretched star
 12671 | Abyss:1  | Collided with a stone wall

Illustrated notes

Levels and vault maps discovered:
D:1:      dpeg_arrival_refuge, layout_loops_ring
D:2:      layout_loops_cross, minmay_crystal_room, uniq_jessica
D:3:      layout_loops_ring, portal_sewer_entry_f
D:4:      minmay_recursive_quarters, layout_cave_pools, fedhas_altar_4,
          nicolae_overflow_quartered_altars, hangedman_decor_push,
          minmay_misc_feat_encased, uniq_crazy_yiuf_cottage
D:5:      layout_gridville, mainiacjoe_overflow_chevrons, uniq_blork_the_orc
D:6:      layout_basic, temple_pool_b, serial_rivers,
          chequers_serial_rivers_room_b, chequers_serial_rivers_micro_b,
          chequers_serial_rivers_marsh, chequers_serial_rivers_small_3,
          chequers_serial_rivers_micro_c, chequers_serial_rivers_room_a,
          nicolae_stop_n_shop_1, kennysheep_small_circle
D:7:      layout_loops_ring, hangedman_abyss_or_decor_passed, uniq_pikel,
          uniq_prince_ribbit1
D:8:      layout_rooms, general_overflow_altar, minivault_22
D:9:      layout_stronghold, erik_lair_orcish_takeover
D:10:     layout_grid_maze, kennysheep_generic_room_3
D:11:     layout_basic, gammafunk_ghost_ooze, portal_ice_cave_entry_pillars_2,
          uniq_sonja
D:12:     layout_rooms, kennysheep_orc_monster_closet_entryway,
          gammafunk_ghost_arena, uniq_maurice, uniq_kirke
Temple:   regret_index_temple_generic_petals
Abyss:1:  base:
D:8

Skill      XL: |  1  2  3  4  5  6  7  8  9 10 |
---------------+-------------------------------+-----
Spellcasting   | 5 6 7 8 10 12 13 | 13.9
Armour         | 1 2 3 |  3.3
Conjurations   | 2 3 4 5 7 8 |  8.0
Fighting       | 1 2 3 4 |  4.0
Dodging        | 3 |  3.0
Stealth        | 3 |  3.0
Poison Magic   | 1 |  1.3
Air Magic      | 1 |  1.3
Ice Magic      | 1 |  1.0
Earth Magic    | 1 |  1.0
Shields        | 1 2 |  2.0
Necromancy     | 2 4 |  4.0
Evocations     | 1 |  1.0
Summonings     | 3 4 |  4.0
Fire Magic     | 3 |  3.6
Translocations | |  1.1

Action                   |  1- 3 |  4- 6 |  7- 9 | 10-12 || total
-------------------------+-------+-------+-------+-------++-------
Melee: Whip              |       |    26 |   103 |    13 ||   142
       Punch             |       |       |     4 |       ||     4
       Great mace        |       |       |       |     9 ||     9
 Cast: Magic Dart        |   111 |   170 |   210 |    18 ||   509
       Mephitic Cloud    |       |     9 |    21 |     8 ||    38
       Call Imp          |       |     1 |     7 |     1 ||     9
       Blink             |       |       |     4 |       ||     4
       Stone Arrow       |       |       |    58 |    51 ||   109
  Use: Scroll            |       |       |       |    13 ||    13
 Stab: Confused          |       |     2 |    14 |       ||    16
       Sleeping          |       |       |     1 |       ||     1
Armor: Robe              |     3 |     6 |    32 |    13 ||    54
Dodge: Dodged            |    12 |    47 |   122 |    21 ||   202

Table legend: (Time is in decaauts)
 A = Elapsed time spent in this place.
 B = Non-inter-level travel time spent in this place.
 C = Inter-level travel time spent in this place.
 D = Time resting spent in this place.
 E = Time spent auto-exploring this place.
 F = Levels seen in this place.
 G = Mean time per level.
                   A        B        C        D        E       F      G
               +--------+--------+--------+--------+--------+-----+--------+
         Total |  12731 |  12363 |    368 |    744 |   9511 |  15 |  848.7 |
       Dungeon |  12212 |  11861 |    351 |    555 |   9370 |  12 | 1017.7 |
        Temple |     54 |     37 |     17 |      0 |     29 |   1 |   54.0 |
         Abyss |     95 |     95 |      0 |      0 |      0 |   1 |   95.0 |
         Sewer |    369 |    369 |      0 |    189 |    111 |   1 |  369.0 |
               +--------+--------+--------+--------+--------+-----+--------+

Top non-repeatable levels by time:
     D:6: 1543 daAuts
     D:9: 1502 daAuts
     D:4: 1467 daAuts
     D:7: 1446 daAuts
     D:2: 1319 daAuts
     D:1: 1262 daAuts
     D:3: 1162 daAuts
     D:5: 931 daAuts
     D:8: 751 daAuts
    D:10: 686 daAuts
   Sewer: 369 daAuts
    D:11: 117 daAuts
 Abyss:1: 95 daAuts
  Temple: 54 daAuts
    D:12: 22 daAuts
